Canucks vs Capitals

Created - 6 janvier 2013 at 19:48

Goals
1 2 3 T
Canucks 3 2 1 6
Capitals 2 0 0 2
Shots
1 2 3 T
Canucks 11 12 11 34
Capitals 18 7 9 34

1st period

1. Capitals , Alex Tanguay 4 (François Beauchemin, Evgeni Malkin) at 4:21
2. Canucks , Jonas Hoglund 13 (Jiri Hudler, Mark Streit) at 7:33
3. Canucks , Keith Tkachuk 6 (David Jones, Erik Christensen) at 12:16
4. Capitals , Patrick Kane 16 (Evgeni Malkin, Toni Lydman) at 14:04
5. Canucks , Rickard Wallin 3 (Scott Niedermayer) at 19:15

Penalties :
Jaromir Jagr (Van) for Roughing (Minor) at 8:24, Darius Kasparaitis (Was) for Tripping (Minor) at 15:21

2nd period

6. Canucks , Sheldon Keefe 5 (David Jones, Scott Niedermayer) at 11:48
7. Canucks , Fabian Brunnstrom 12 (Jiri Hudler, Jonas Hoglund) at 13:03 (PP)

Penalties :
Evgeni Malkin (Was) for Roughing (Minor) at 9:04, Evgeni Malkin (Was) for Hooking (Minor) at 12:13, Brian Rafalski (Was) for Holding (Minor) at 19:01

3rd period

8. Canucks , Erik Christensen 5 (Johnny Boychuk) at 1:17

Penalties :
Sergei Gonchar (Was) for Fighting (Major) at 1:28, Jaromir Jagr (Van) for Fighting (Major) at 1:28, Clarke MacArthur (Van) for Roughing (Minor) at 3:14, Evgeni Malkin (Was) for Fighting (Major) at 11:35, Jaromir Jagr (Van) for Fighting (Major) at 11:35, Sheldon Keefe (Van) for Hooking (Minor) at 11:52, Sergei Gonchar (Was) for Fighting (Major) at 19:25, Jiri Hudler (Van) for Fighting (Major) at 19:25, Sergei Gonchar (Was) for instigated a fight (Minor) at 19:25, Sergei Gonchar (Was) for instigated a fight (10 Minutes Misconduct) at 19:25

Goalie Stats

Carey Price (Van), 32 saves from 34 shots - (0,941), W, 14-6-2, 60:00 minutes
Marty Turco (Was), 14 saves from 18 shots - (0,778), L, 12-6-1, 31:48 minutes
Ty Conklin (Was), 14 saves from 16 shots - (0,875), 28:12 minutes

Players Stats for Canucks

Player Name              G  A  P  +/- PIM S  H  SB GA TA FO     MP     PP MP  PK MP  
------------------------------------------------------------------------------------
Chris Campoli            0  0  0  -1  0   1  0  1  0  0  0/0    12:56   2:23   0:00 
Clarke MacArthur         0  0  0  -2  2   3  0  1  0  0  0/0    22:12   4:19   1:21 
Craig Rivet              0  0  0  -1  0   1  1  2  0  0  0/0    13:12   0:00   2:11 
Daniel Paille            0  0  0   1  0   0  0  0  0  0  0/0     7:51   0:00   0:53 
David Jones              0  2  2   3  0   2  0  1  2  1  3/5    13:59   0:11   2:48 
Derian Hatcher           0  0  0   1  0   1  2  2  0  1  0/0    24:16   2:23   2:11 
Erik Christensen         1  1  2   2  0   5  0  0  1  0  6/7    12:18   0:00   2:04 
Fabian Brunnstrom        1  0  1   1  0   1  1  0  1  1  0/0    15:22   2:51   0:10 
Jaromir Jagr             0  0  0  -2  12  2  2  1  0  0  1/1    17:30   4:19   0:00 
Jiri Hudler              0  2  2   1  5   1  2  1  1  0  8/18   15:26   2:39   0:27 
Johnny Boychuk           0  1  1   2  0   1  0  2  0  1  0/0    14:25   0:00   0:00 
Jonas Hoglund            1  1  2   1  0   2  0  1  0  1  2/2    18:47   2:51   3:33 
Keith Tkachuk            1  0  1   2  0   3  1  0  0  1  0/1    10:29   0:00   0:38 
Mark Streit              0  1  1   2  0   3  5  1  2  2  0/0    29:34   4:58   3:46 
Matt Stajan              0  0  0  -2  0   2  1  1  0  0  14/30  21:04   4:19   0:00 
Rickard Wallin           1  0  1   2  0   1  1  0  0  0  1/2     7:55   0:11   0:00 
Scott Niedermayer        0  2  2   3  0   4  3  1  1  0  0/0    25:37   4:58   3:46 
Sheldon Keefe            1  0  1   2  2   1  0  0  0  0  0/0    11:04   0:23   0:00 

Players Stats for Capitals

Player Name              G  A  P  +/- PIM S  H  SB GA TA FO     MP     PP MP  PK MP  
------------------------------------------------------------------------------------
Ales Hemsky              0  0  0  -2  0   0  0  0  0  0  0/0    11:45   0:09   0:00 
Alex Tanguay             1  0  1   2  0   1  3  0  1  0  1/2    22:20   3:31   4:38 
Brian Rafalski           0  0  0  -3  2   2  1  0  0  0  0/0    27:17   3:33   2:44 
Brian Rolston            0  0  0  -2  0   2  3  1  1  1  0/0    16:25   2:17   0:00 
Darius Kasparaitis       0  0  0  -1  2   0  1  1  0  1  0/0    13:26   1:08   0:00 
Éric Dazé                0  0  0   0  0   0  0  0  0  0  1/3     8:58   0:06   2:07 
Evgeni Malkin            0  2  2   1  9   6  3  0  3  1  14/31  23:22   2:22   2:42 
François Beauchemin      0  1  1   2  0   4  0  0  0  2  0/0    19:49   2:24   3:04 
Jason Blake              0  0  0  -3  0   2  1  0  1  0  2/2    14:57   0:55   0:47 
Jordan Staal             0  0  0   0  0   0  0  0  0  0  0/0     1:26   0:00   1:04 
Keith Ballard            0  0  0  -2  0   0  2  1  0  2  0/0    13:49   0:08   1:58 
Mike Richards            0  0  0  -2  0   2  0  0  0  0  5/16   17:56   2:17   1:20 
Nicklas Backstrom        0  0  0  -1  0   0  0  0  0  0  1/4     7:40   0:00   0:44 
Patrick Kane             1  0  1   2  0   7  2  0  0  0  0/0    17:42   3:31   0:00 
Peter Regin              0  0  0  -2  0   3  0  1  0  0  7/8    11:43   0:26   0:00 
Sergei Gonchar           0  0  0  -4  22  3  1  0  2  0  0/0    26:26   2:25   3:52 
Thomas Vanek             0  0  0  -2  0   0  2  0  0  0  0/0    17:56   2:17   1:20 
Toni Lydman              0  1  1   2  0   2  0  0  0  1  0/0    19:35   2:16   3:04 

3 Stars

1 - Scott Niedermayer (Van)
2 - Erik Christensen (Van)
3 - Alex Tanguay (Was)

Power Play

Canucks - 1 on 5 Attempt(s) - 20,00%
Capitals - 0 on 3 Attempt(s) - 0,00%

Penalty Kill

Canucks - 3 on 3 Attempt(s) - 100,00% - Score 0 goal in Penalty Kill
Capitals - 4 on 5 Attempt(s) - 80,00% - Score 0 goal in Penalty Kill

Official

Referees : Rooney Chris and Morton Dean
Linesman : Tony Sericolo and Shane Heyer

Game Notes

Ty Conklin enters game at 11:48 of 2nd period
Sergei Gonchar beats up Jaromir Jagr at 1:28 of 3rd period
Evgeni Malkin and Jaromir Jagr fight to a draw at 11:35 of 3rd period
Sergei Gonchar and Jiri Hudler fight to a draw at 19:25 of 3rd period

Finance

Level 1 -- Attendance: 4817 (80,28%) -- Ticket Income 481 700 $
Level 2 -- Attendance: 3923 (78,46%) -- Ticket Income 235 380 $
Level 3 -- Attendance: 1522 (76,10%) -- Ticket Income 53 270 $
Level 4 -- Attendance: 3635 (90,88%) -- Ticket Income 72 700 $
Luxury Box -- Attendance: 757 (75,70%) -- Ticket Income 151 400 $
Game was played at the Verizon Center
Total Attendance: 14654 (81,41%)
Total Ticket Income: 994 450 $
Total Income: 994 450 $

Canucks

5 vs 5 Forward 
   Center                   Left Wing                Right Wing               Time % Phy DF OF 
 1 Matt Stajan              Clarke MacArthur         Jaromir Jagr             40     1   2  2  
 2 Jiri Hudler              Fabian Brunnstrom        Jonas Hoglund            30     1   2  2  
 3 Erik Christensen         Keith Tkachuk            David Jones              20     1   2  2  
 4 Rickard Wallin           Daniel Paille            Sheldon Keefe            10     1   2  2  

5 vs 5 Defense 
   Defense                  Defense                                           Time % Phy DF OF 
 1 Mark Streit              Derian Hatcher                                    40     1   2  2  
 2 Scott Niedermayer        Johnny Boychuk                                    30     1   2  2  
 3 Chris Campoli            Craig Rivet                                       20     1   2  2  
 4 Scott Niedermayer        Mark Streit                                       10     1   2  2  

PowerPlay Forward 
   Center                   Left Wing                Right Wing               Time % Phy DF OF 
 1 Matt Stajan              Clarke MacArthur         Jaromir Jagr             60     1   2  2  
 2 Jiri Hudler              Fabian Brunnstrom        Jonas Hoglund            40     1   2  2  

PowerPlay Defense
   Defense                  Defense                                           Time % Phy DF OF 
 1 Scott Niedermayer        Mark Streit                                       60     1   2  2  
 2 Derian Hatcher           Chris Campoli                                     40     1   2  2  

Penalty Kill 4 Players Forward 
   Center                   Wing                     Time % Phy DF OF 
 1 Jaromir Jagr             Jonas Hoglund            60     1   2  2  
 2 Keith Tkachuk            Clarke MacArthur         40     1   2  2  

Penalty Kill 4 Players Defense
   Defense                  Defense                  Time % Phy DF OF 
 1 Scott Niedermayer        Mark Streit              60     1   2  2  
 2 Derian Hatcher           Craig Rivet              40     1   2  2  

Penalty Kill - 3 Players Forward 
   Forward                                           Time % Phy DF OF 
 1 Jaromir Jagr                                      60     1   2  2  
 2 Jonas Hoglund                                     40     1   2  2  

Penalty Kill - 3 Players Defense
   Defense                  Defense                  Time % Phy DF OF 
 1 Scott Niedermayer        Mark Streit              60     1   2  2  
 2 Derian Hatcher           Chris Campoli            40     1   2  2  

4 vs 4 Forward 
   Center                   Wing                     Time % Phy DF OF 
 1 Jaromir Jagr             Jonas Hoglund            60     1   2  2  
 2 Keith Tkachuk            Clarke MacArthur         40     1   2  2  

4 vs 4 Defense
   Defense                  Defense                  Time % Phy DF OF 
 1 Scott Niedermayer        Mark Streit              60     1   2  2  
 2 Derian Hatcher           Craig Rivet              40     1   2  2  

Last Minutes Offensive
   Center                   Left Wing                Right Wing               Defense                  Defense                  
   Matt Stajan              Keith Tkachuk            Jaromir Jagr             Scott Niedermayer        Mark Streit              

Last Minutes Defensive
   Center                   Left Wing                Right Wing               Defense                  Defense                  
   Matt Stajan              Keith Tkachuk            Jaromir Jagr             Scott Niedermayer        Mark Streit              

Goaltenders
Starting : Carey Price              
Backup : Mike McKenna             

Extra Forwards
Normal : Sheldon Keefe, Rickard Wallin, David Jones - PP : Sheldon Keefe, Rickard Wallin - PK : David Jones
Extra Defensemen
Normal : Chris Campoli, Johnny Boychuk, Derian Hatcher - PP : Chris Campoli - PK : Johnny Boychuk, Derian Hatcher
Penalty Shots
Jaromir Jagr, Jonas Hoglund, Keith Tkachuk, Clarke MacArthur, Matt Stajan

Capitals

5 vs 5 Forward 
   Center                   Left Wing                Right Wing               Time % Phy DF OF 
 1 Evgeni Malkin            Alex Tanguay             Patrick Kane             40     1   2  2  
 2 Mike Richards            Thomas Vanek             Brian Rolston            30     1   2  2  
 3 Peter Regin              Jason Blake              Ales Hemsky              20     1   2  2  
 4 Nicklas Backstrom        Éric Dazé                Evgeni Malkin            10     1   2  2  

5 vs 5 Defense 
   Defense                  Defense                                           Time % Phy DF OF 
 1 Sergei Gonchar           Brian Rafalski                                    40     1   2  2  
 2 François Beauchemin      Toni Lydman                                       30     1   2  2  
 3 Darius Kasparaitis       Keith Ballard                                     20     1   2  2  
 4 Sergei Gonchar           Brian Rafalski                                    10     1   2  2  

PowerPlay Forward 
   Center                   Left Wing                Right Wing               Time % Phy DF OF 
 1 Evgeni Malkin            Alex Tanguay             Patrick Kane             60     1   2  2  
 2 Mike Richards            Thomas Vanek             Brian Rolston            40     1   2  2  

PowerPlay Defense
   Defense                  Defense                                           Time % Phy DF OF 
 1 Sergei Gonchar           Brian Rafalski                                    60     1   2  2  
 2 François Beauchemin      Toni Lydman                                       40     1   2  2  

Penalty Kill 4 Players Forward 
   Center                   Wing                     Time % Phy DF OF 
 1 Evgeni Malkin            Alex Tanguay             60     1   2  2  
 2 Thomas Vanek             Mike Richards            40     1   2  2  

Penalty Kill 4 Players Defense
   Defense                  Defense                  Time % Phy DF OF 
 1 Sergei Gonchar           Brian Rafalski           60     1   2  2  
 2 François Beauchemin      Toni Lydman              40     1   2  2  

Penalty Kill - 3 Players Forward 
   Forward                                           Time % Phy DF OF 
 1 Evgeni Malkin                                     60     1   2  2  
 2 Alex Tanguay                                      40     1   2  2  

Penalty Kill - 3 Players Defense
   Defense                  Defense                  Time % Phy DF OF 
 1 Sergei Gonchar           Brian Rafalski           60     1   2  2  
 2 François Beauchemin      Toni Lydman              40     1   2  2  

4 vs 4 Forward 
   Center                   Wing                     Time % Phy DF OF 
 1 Evgeni Malkin            Alex Tanguay             60     1   2  2  
 2 Thomas Vanek             Mike Richards            40     1   2  2  

4 vs 4 Defense
   Defense                  Defense                  Time % Phy DF OF 
 1 Sergei Gonchar           Brian Rafalski           60     1   2  2  
 2 François Beauchemin      Toni Lydman              40     1   2  2  

Last Minutes Offensive
   Center                   Left Wing                Right Wing               Defense                  Defense                  
   Evgeni Malkin            Alex Tanguay             Patrick Kane             Sergei Gonchar           Brian Rafalski           

Last Minutes Defensive
   Center                   Left Wing                Right Wing               Defense                  Defense                  
   Evgeni Malkin            Alex Tanguay             Patrick Kane             Sergei Gonchar           Brian Rafalski           

Goaltenders
Starting : Marty Turco              
Backup : Ty Conklin               

Extra Forwards
Normal : Jason Blake, Peter Regin, Éric Dazé - PP : Jason Blake, Peter Regin - PK : Éric Dazé
Extra Defensemen
Normal : Darius Kasparaitis, Keith Ballard, François Beauchemin - PP : Darius Kasparaitis - PK : Keith Ballard, François Beauchemin
Penalty Shots
Evgeni Malkin, Alex Tanguay, Thomas Vanek, Mike Richards, Patrick Kane

% Time on Ice - Canucks

Lines # - Real PCT - Wanted PCT - Time Play
Normal Forward
1 - 38% - 40% - 17:53
2 - 26% - 30% - 12:21
3 - 21% - 20% - 9:51
4 - 14% - 10% - 6:37
Normal Defense
1 - 40% - 40% - 18:27
2 - 35% - 30% - 16:25
3 - 20% - 20% - 9:27
4 - 5% - 10% - 2:23
PP Forward
1 - 61% - 60% - 4:30
2 - 39% - 40% - 2:51
PP Defense
1 - 68% - 60% - 4:58
2 - 32% - 40% - 2:23
PK Forward
1 - 89% - 60% - 5:19
2 - 11% - 40% - 0:38
PK Defense
1 - 63% - 60% - 3:46
2 - 37% - 40% - 2:11
PK3 Forward
1 - 0% - 60%
2 - 0% - 40%
PK3 Defense
1 - 0% - 60%
2 - 0% - 40%
44 Forward
1 - 0% - 60%
2 - 0% - 40%
44 Defense
1 - 0% - 60%
2 - 0% - 40%
Last Minute Offensive  - 0:00
Last Minute Defensive  - 0:00
Total
Forward - 60:00
Defense - 60:00

% Time on Ice - Capitals

Lines # - Real PCT - Wanted PCT - Time Play
Normal Forward
1 - 33% - 40% - 15:21
2 - 31% - 30% - 14:19
3 - 23% - 20% - 10:51
4 - 13% - 10% - 6:11
Normal Defense
1 - 41% - 40% - 19:05
2 - 31% - 30% - 14:15
3 - 23% - 20% - 10:46
4 - 6% - 10% - 2:36
PP Forward
1 - 62% - 60% - 3:40
2 - 38% - 40% - 2:17
PP Defense
1 - 62% - 60% - 3:41
2 - 38% - 40% - 2:16
PK Forward
1 - 82% - 60% - 6:01
2 - 18% - 40% - 1:20
PK Defense
1 - 58% - 60% - 4:17
2 - 42% - 40% - 3:04
PK3 Forward
1 - 0% - 60%
2 - 0% - 40%
PK3 Defense
1 - 0% - 60%
2 - 0% - 40%
44 Forward
1 - 0% - 60%
2 - 0% - 40%
44 Defense
1 - 0% - 60%
2 - 0% - 40%
Last Minute Offensive  - 0:00
Last Minute Defensive  - 0:00
Total
Forward - 60:00
Defense - 60:00

Play by Play

1st period


0:01 of 1st period - Matt Stajan wins face-off versus Evgeni Malkin in neutral zone.
0:12 of 1st period - Slapshot by Jaromir Jagr.
0:12 of 1st period - Stopped by Marty Turco with a rebound.
0:26 of 1st period - Brian Rafalski is hit by Fabian Brunnstrom and loses puck.
0:49 of 1st period - Slapshot by Sergei Gonchar.
0:49 of 1st period - Shot Blocked by Johnny Boychuk.
0:59 of 1st period - Wrist shot by Erik Christensen.
0:59 of 1st period - Shot Misses the Net.
1:16 of 1st period - Snap shot by Jason Blake.
1:16 of 1st period - Stopped by Carey Price with a rebound.
1:18 of 1st period - Slapshot by Sergei Gonchar.
1:18 of 1st period - Stopped by Carey Price without a rebound.
1:19 of 1st period - Jaromir Jagr wins face-off versus Evgeni Malkin in Canucks zone.
1:19 of 1st period - Jaromir Jagr is hit by Evgeni Malkin.
1:28 of 1st period - Off-side.
1:29 of 1st period - Matt Stajan wins face-off versus Evgeni Malkin in neutral zone.
1:44 of 1st period - Slapshot by Patrick Kane.
1:44 of 1st period - Stopped by Carey Price with a rebound.
1:46 of 1st period - Snap shot by François Beauchemin.
1:46 of 1st period - Deflect By Mark Streit.
1:46 of 1st period - Stopped by Carey Price without a rebound.
1:47 of 1st period - Jiri Hudler wins face-off versus Mike Richards in Canucks zone.
1:54 of 1st period - Slapshot by Mark Streit.
1:54 of 1st period - Stopped by Marty Turco with a rebound.
1:56 of 1st period - Slapshot by Mark Streit.
1:56 of 1st period - Shot Misses the Net.
2:00 of 1st period - Slapshot by Scott Niedermayer.
2:00 of 1st period - Stopped by Marty Turco with a rebound.
2:02 of 1st period - Snap shot by Jonas Hoglund.
2:02 of 1st period - Stopped by Marty Turco with a rebound.
2:17 of 1st period - Scott Niedermayer is hit by Thomas Vanek and loses puck.
2:36 of 1st period - Brian Rafalski is hit by Mark Streit.
2:55 of 1st period - Off-side.
2:56 of 1st period - Rickard Wallin wins face-off versus Evgeni Malkin in neutral zone.
3:57 of 1st period - Snap shot by Patrick Kane.
3:57 of 1st period - Stopped by Carey Price with a rebound.
4:11 of 1st period - Snap shot by Evgeni Malkin.
4:11 of 1st period - Shot Misses the Net.
4:13 of 1st period - Slapshot by Toni Lydman.
4:13 of 1st period - Stopped by Carey Price with a rebound.
4:15 of 1st period - Snap shot by Evgeni Malkin.
4:15 of 1st period - Shot Blocked by Jaromir Jagr.
4:17 of 1st period - Slapshot by François Beauchemin.
4:17 of 1st period - Shot Blocked by Craig Rivet.
4:19 of 1st period - Slapshot by François Beauchemin.
4:19 of 1st period - Stopped by Carey Price with a rebound.
4:21 of 1st period - Wrist shot by Alex Tanguay.
4:21 of 1st period - Goal by Alex Tanguay - Canucks : 0 - Capitals : 1.
4:22 of 1st period - Peter Regin wins face-off versus Jiri Hudler in neutral zone.
4:38 of 1st period - Snap shot by Jiri Hudler.
4:38 of 1st period - Shot Misses the Net.
6:21 of 1st period - Brian Rolston is hit by Derian Hatcher and loses puck.
6:38 of 1st period - Snap shot by Jiri Hudler.
6:38 of 1st period - Deflect By Jonas Hoglund.
6:38 of 1st period - Shot Misses the Net.
6:38 of 1st period - Puck is out of play.
6:39 of 1st period - Peter Regin wins face-off versus Jiri Hudler in Capitals zone.
6:54 of 1st period - Snap shot by Jonas Hoglund.
6:54 of 1st period - Shot Misses the Net.
6:56 of 1st period - Snap shot by Jonas Hoglund.
6:56 of 1st period - Shot Misses the Net.
6:58 of 1st period - Slapshot by Craig Rivet.
6:58 of 1st period - Deflect By Jiri Hudler.
6:58 of 1st period - Shot Misses the Net.
6:58 of 1st period - Puck is out of play.
6:59 of 1st period - Evgeni Malkin wins face-off versus Matt Stajan in Capitals zone.
7:33 of 1st period - Wrist shot by Jonas Hoglund.
7:33 of 1st period - Goal by Jonas Hoglund - Canucks : 1 - Capitals : 1.
7:34 of 1st period - Jiri Hudler wins face-off versus Nicklas Backstrom in neutral zone.
7:42 of 1st period - Off-side.
7:43 of 1st period - Nicklas Backstrom wins face-off versus Jiri Hudler in neutral zone.
8:04 of 1st period - Snap shot by Evgeni Malkin.
8:04 of 1st period - Stopped by Carey Price with a rebound.
8:06 of 1st period - Snap shot by Evgeni Malkin.
8:06 of 1st period - Stopped by Carey Price with a rebound.
8:08 of 1st period - Slapshot by Brian Rafalski.
8:08 of 1st period - Stopped by Carey Price without a rebound.
8:09 of 1st period - Matt Stajan wins face-off versus Peter Regin in Canucks zone.
8:23 of 1st period - Wrist shot by Peter Regin.
8:23 of 1st period - Shot Misses the Net.
8:24 of 1st period - Minor Penalty to Jaromir Jagr for Roughing.
8:25 of 1st period - David Jones wins face-off versus Evgeni Malkin in Canucks zone.
9:21 of 1st period - Off-side.
9:22 of 1st period - Mike Richards wins face-off versus Keith Tkachuk in neutral zone.
9:25 of 1st period - Snap shot by Thomas Vanek.
9:25 of 1st period - Shot Blocked by Craig Rivet.
9:27 of 1st period - Snap shot by Brian Rolston.
9:27 of 1st period - Stopped by Carey Price with a rebound.
9:29 of 1st period - Slapshot by François Beauchemin.
9:29 of 1st period - Stopped by Carey Price without a rebound.
9:30 of 1st period - David Jones wins face-off versus Mike Richards in Canucks zone.
9:43 of 1st period - Snap shot by Mike Richards.
9:43 of 1st period - Shot Blocked by Jonas Hoglund.
9:45 of 1st period - Slapshot by Brian Rolston.
9:45 of 1st period - Stopped by Carey Price with a rebound.
10:24 of 1st period - Penalty to Jaromir Jagr is over, Jaromir Jagr is back on ice.
11:07 of 1st period - Icing by Matt Stajan.
11:08 of 1st period - Mike Richards wins face-off versus Matt Stajan in Canucks zone.
11:33 of 1st period - Snap shot by Keith Tkachuk.
11:33 of 1st period - Stopped by Marty Turco with a rebound.
11:35 of 1st period - Wrist shot by David Jones.
11:35 of 1st period - Stopped by Marty Turco without a rebound.
11:36 of 1st period - Erik Christensen wins face-off versus Mike Richards in Capitals zone.
12:14 of 1st period - Snap shot by David Jones.
12:14 of 1st period - Shot Misses the Net.
12:16 of 1st period - Slapshot by Keith Tkachuk.
12:16 of 1st period - Goal by Keith Tkachuk - Canucks : 2 - Capitals : 1.
12:17 of 1st period - Jiri Hudler wins face-off versus Evgeni Malkin in neutral zone.
12:33 of 1st period - Snap shot by Evgeni Malkin.
12:33 of 1st period - Stopped by Carey Price with a rebound.
12:43 of 1st period - Peter Regin is hit by Jaromir Jagr and loses puck.
13:56 of 1st period - Snap shot by Patrick Kane.
13:56 of 1st period - Shot Misses the Net.
13:58 of 1st period - Slapshot by Evgeni Malkin.
13:58 of 1st period - Shot Blocked by Derian Hatcher.
14:04 of 1st period - Snap shot by Patrick Kane.
14:04 of 1st period - Goal by Patrick Kane - Canucks : 2 - Capitals : 2.
14:05 of 1st period - Jiri Hudler wins face-off versus Mike Richards in neutral zone.
14:18 of 1st period - Wrist shot by Fabian Brunnstrom.
14:18 of 1st period - Shot Misses the Net.
14:20 of 1st period - Slapshot by Johnny Boychuk.
14:20 of 1st period - Stopped by Marty Turco with a rebound.
14:40 of 1st period - Wrist shot by David Jones.
14:40 of 1st period - Shot Misses the Net.
14:42 of 1st period - Slapshot by Mark Streit.
14:42 of 1st period - Stopped by Marty Turco with a rebound.
14:49 of 1st period - Icing by Sergei Gonchar.
14:50 of 1st period - Matt Stajan wins face-off versus Mike Richards in Capitals zone.
15:11 of 1st period - Slapshot by Mike Richards.
15:11 of 1st period - Shot Blocked by Scott Niedermayer.
15:13 of 1st period - Slapshot by Mike Richards.
15:13 of 1st period - Shot Blocked by Matt Stajan.
15:15 of 1st period - Slapshot by Brian Rolston.
15:15 of 1st period - Deflect By Scott Niedermayer.
15:15 of 1st period - Shot Hit the Post.
15:15 of 1st period - Puck is out of play.
15:16 of 1st period - Jonas Hoglund wins face-off versus Evgeni Malkin in Canucks zone.
15:16 of 1st period - Jonas Hoglund is hit by Alex Tanguay.
15:21 of 1st period - Minor Penalty to Darius Kasparaitis for Tripping.
15:22 of 1st period - Evgeni Malkin wins face-off versus Matt Stajan in Capitals zone.
16:30 of 1st period - Wrist shot by Thomas Vanek.
16:30 of 1st period - Shot Blocked by Derian Hatcher.
17:06 of 1st period - Sergei Gonchar is hit by Mark Streit and loses puck.
17:21 of 1st period - Penalty to Darius Kasparaitis is over, Darius Kasparaitis is back on ice.
17:35 of 1st period - Backhand shot by Sergei Gonchar.
17:35 of 1st period - Stopped by Carey Price without a rebound.
17:36 of 1st period - Erik Christensen wins face-off versus Mike Richards in Canucks zone.
17:52 of 1st period - Wrist shot by Mike Richards.
17:52 of 1st period - Shot Misses the Net.
18:16 of 1st period - Snap shot by Daniel Paille.
18:16 of 1st period - Shot Misses the Net.
19:01 of 1st period - Slapshot by Erik Christensen.
19:01 of 1st period - Shot Misses the Net.
19:03 of 1st period - Snap shot by Johnny Boychuk.
19:03 of 1st period - Shot Blocked by Brian Rolston.
19:05 of 1st period - Wrist shot by Keith Tkachuk.
19:05 of 1st period - Shot Blocked by Darius Kasparaitis.
19:15 of 1st period - Snap shot by Rickard Wallin.
19:15 of 1st period - Goal by Rickard Wallin - Canucks : 3 - Capitals : 2.
19:16 of 1st period - Evgeni Malkin wins face-off versus Matt Stajan in neutral zone.
19:25 of 1st period - Slapshot by Patrick Kane.
19:25 of 1st period - Deflect By Evgeni Malkin.
19:25 of 1st period - Stopped by Carey Price without a rebound.
19:26 of 1st period - Matt Stajan wins face-off versus Evgeni Malkin in Canucks zone.
19:59 of 1st period - Wrist shot by Jaromir Jagr.
19:59 of 1st period - Shot Misses the Net.

2nd period


0:01 of 2nd period - Evgeni Malkin wins face-off versus Jiri Hudler in neutral zone.
0:26 of 2nd period - Peter Regin is hit by Mark Streit.
0:52 of 2nd period - David Jones is hit by Thomas Vanek and loses puck.
1:03 of 2nd period - Brian Rolston is hit by Scott Niedermayer and loses puck.
1:07 of 2nd period - Icing by Thomas Vanek.
1:08 of 2nd period - Jonas Hoglund wins face-off versus Mike Richards in Capitals zone.
1:26 of 2nd period - Off-side.
1:27 of 2nd period - Matt Stajan wins face-off versus Evgeni Malkin in neutral zone.
1:29 of 2nd period - Off-side.
1:30 of 2nd period - Evgeni Malkin wins face-off versus Matt Stajan in neutral zone.
1:46 of 2nd period - Slapshot by Sergei Gonchar.
1:46 of 2nd period - Stopped by Carey Price without a rebound.
1:47 of 2nd period - Peter Regin wins face-off versus Jiri Hudler in Canucks zone.
1:48 of 2nd period - Wrist shot by Ales Hemsky.
1:48 of 2nd period - Shot Misses the Net.
1:50 of 2nd period - Snap shot by François Beauchemin.
1:50 of 2nd period - Stopped by Carey Price with a rebound.
1:52 of 2nd period - Backhand shot by Ales Hemsky.
1:52 of 2nd period - Shot Blocked by Mark Streit.
1:58 of 2nd period - Wrist shot by Jason Blake.
1:58 of 2nd period - Shot Misses the Net.
2:00 of 2nd period - Slapshot by Jason Blake.
2:00 of 2nd period - Deflect By Peter Regin.
2:00 of 2nd period - Shot Misses the Net.
2:00 of 2nd period - Puck is out of play.
2:01 of 2nd period - Matt Stajan wins face-off versus Alex Tanguay in Canucks zone.
2:16 of 2nd period - Wrist shot by Clarke MacArthur.
2:16 of 2nd period - Deflect By Matt Stajan.
2:16 of 2nd period - Stopped by Marty Turco without a rebound.
2:17 of 2nd period - Peter Regin wins face-off versus Jiri Hudler in Capitals zone.
2:17 of 2nd period - Peter Regin is hit by Jiri Hudler.
3:18 of 2nd period - Wrist shot by Mike Richards.
3:18 of 2nd period - Stopped by Carey Price with a rebound.
3:30 of 2nd period - Slapshot by Sergei Gonchar.
3:30 of 2nd period - Shot Misses the Net.
3:32 of 2nd period - Wrist shot by Ales Hemsky.
3:32 of 2nd period - Deflect By Peter Regin.
3:32 of 2nd period - Shot Misses the Net.
3:32 of 2nd period - Puck is out of play.
3:33 of 2nd period - Peter Regin wins face-off versus Rickard Wallin in Canucks zone.
5:22 of 2nd period - Snap shot by Jaromir Jagr.
5:22 of 2nd period - Stopped by Marty Turco with a rebound.
5:24 of 2nd period - Wrist shot by Clarke MacArthur.
5:24 of 2nd period - Stopped by Marty Turco without a rebound.
5:25 of 2nd period - Matt Stajan wins face-off versus Mike Richards in Capitals zone.
5:50 of 2nd period - Jiri Hudler is hit by Brian Rafalski and loses puck.
6:13 of 2nd period - Snap shot by Erik Christensen.
6:13 of 2nd period - Stopped by Marty Turco with a rebound.
6:15 of 2nd period - Slapshot by David Jones.
6:15 of 2nd period - Shot Misses the Net.
6:17 of 2nd period - Snap shot by Erik Christensen.
6:17 of 2nd period - Shot Misses the Net.
6:19 of 2nd period - Slapshot by Scott Niedermayer.
6:19 of 2nd period - Stopped by Marty Turco with a rebound.
7:09 of 2nd period - Wrist shot by Peter Regin.
7:09 of 2nd period - Shot Misses the Net.
7:11 of 2nd period - Backhand shot by Peter Regin.
7:11 of 2nd period - Shot Blocked by Jiri Hudler.
7:26 of 2nd period - Off-side.
7:27 of 2nd period - Erik Christensen wins face-off versus Evgeni Malkin in neutral zone.
7:32 of 2nd period - Icing by Sergei Gonchar.
7:33 of 2nd period - Evgeni Malkin wins face-off versus Matt Stajan in Capitals zone.
8:29 of 2nd period - Slapshot by Rickard Wallin.
8:29 of 2nd period - Shot Misses the Net.
8:31 of 2nd period - Slapshot by Scott Niedermayer.
8:31 of 2nd period - Shot Blocked by Peter Regin.
9:03 of 2nd period - Snap shot by Clarke MacArthur.
9:03 of 2nd period - Stopped by Marty Turco with a rebound.
9:04 of 2nd period - Minor Penalty to Evgeni Malkin for Roughing.
9:05 of 2nd period - Matt Stajan wins face-off versus Éric Dazé in Capitals zone.
11:03 of 2nd period - David Jones is hit by Jason Blake and loses puck.
11:04 of 2nd period - Penalty to Evgeni Malkin is over, Evgeni Malkin is back on ice.
11:18 of 2nd period - Snap shot by Jason Blake.
11:18 of 2nd period - Shot Blocked by David Jones.
11:20 of 2nd period - Snap shot by Evgeni Malkin.
11:20 of 2nd period - Shot Misses the Net.
11:48 of 2nd period - Snap shot by David Jones.
11:48 of 2nd period - Deflect By Sheldon Keefe.
11:48 of 2nd period - Deflect By Evgeni Malkin.
11:48 of 2nd period - Goal by Sheldon Keefe - Canucks : 4 - Capitals : 2.
11:48 of 2nd period - Ty Conklin enters game.
11:49 of 2nd period - Mike Richards wins face-off versus Jiri Hudler in neutral zone.
12:04 of 2nd period - Snap shot by Mike Richards.
12:04 of 2nd period - Stopped by Carey Price without a rebound.
12:05 of 2nd period - Alex Tanguay wins face-off versus Matt Stajan in Canucks zone.
12:13 of 2nd period - Minor Penalty to Evgeni Malkin for Hooking.
12:14 of 2nd period - Éric Dazé wins face-off versus Matt Stajan in Capitals zone.
12:14 of 2nd period - Éric Dazé is hit by Mark Streit.
12:28 of 2nd period - Off-side.
12:29 of 2nd period - Matt Stajan wins face-off versus Éric Dazé in neutral zone.
12:44 of 2nd period - Slapshot by Scott Niedermayer.
12:44 of 2nd period - Stopped by Ty Conklin with a rebound.
13:01 of 2nd period - Snap shot by Fabian Brunnstrom.
13:01 of 2nd period - Deflect By Jiri Hudler.
13:01 of 2nd period - Stopped by Ty Conklin with a rebound.
13:03 of 2nd period - Wrist shot by Fabian Brunnstrom.
13:03 of 2nd period - Goal by Fabian Brunnstrom - Canucks : 5 - Capitals : 2.
13:04 of 2nd period - Evgeni Malkin wins face-off versus Matt Stajan in neutral zone.
13:09 of 2nd period - Alex Tanguay is hit by Derian Hatcher and loses puck.
13:21 of 2nd period - Icing by Patrick Kane.
13:22 of 2nd period - Evgeni Malkin wins face-off versus Jiri Hudler in Capitals zone.
13:33 of 2nd period - Slapshot by Patrick Kane.
13:33 of 2nd period - Stopped by Carey Price with a rebound.
13:35 of 2nd period - Snap shot by Patrick Kane.
13:35 of 2nd period - Shot Blocked by Johnny Boychuk.
13:41 of 2nd period - Wrist shot by Evgeni Malkin.
13:41 of 2nd period - Stopped by Carey Price with a rebound.
13:43 of 2nd period - Wrist shot by Patrick Kane.
13:43 of 2nd period - Stopped by Carey Price without a rebound.
13:44 of 2nd period - Matt Stajan wins face-off versus Mike Richards in Canucks zone.
15:00 of 2nd period - Wrist shot by Clarke MacArthur.
15:00 of 2nd period - Shot Misses the Net.
15:51 of 2nd period - Snap shot by David Jones.
15:51 of 2nd period - Stopped by Ty Conklin without a rebound.
15:52 of 2nd period - Mike Richards wins face-off versus Matt Stajan in Capitals zone.
16:18 of 2nd period - Icing by Thomas Vanek.
16:19 of 2nd period - Jiri Hudler wins face-off versus Mike Richards in Capitals zone.
16:48 of 2nd period - Snap shot by Ales Hemsky.
16:48 of 2nd period - Shot Misses the Net.
18:00 of 2nd period - Snap shot by Jaromir Jagr.
18:00 of 2nd period - Shot Misses the Net.
18:02 of 2nd period - Wrist shot by Clarke MacArthur.
18:02 of 2nd period - Stopped by Ty Conklin with a rebound.
18:04 of 2nd period - Slapshot by Mark Streit.
18:04 of 2nd period - Shot Blocked by Keith Ballard.
18:59 of 2nd period - Sergei Gonchar is hit by Jaromir Jagr and loses puck.
19:01 of 2nd period - Minor Penalty to Brian Rafalski for Holding.
19:02 of 2nd period - Matt Stajan wins face-off versus Evgeni Malkin in Capitals zone.
19:17 of 2nd period - Matt Stajan is hit by Keith Ballard and loses puck.
19:30 of 2nd period - Mike Richards is hit by Scott Niedermayer and loses puck.

3rd period


0:01 of 3rd period - Evgeni Malkin wins face-off versus Matt Stajan in neutral zone.
0:54 of 3rd period - François Beauchemin is hit by Matt Stajan and loses puck.
1:01 of 3rd period - Penalty to Brian Rafalski is over, Brian Rafalski is back on ice.
1:11 of 3rd period - Snap shot by Erik Christensen.
1:11 of 3rd period - Stopped by Ty Conklin without a rebound.
1:12 of 3rd period - Peter Regin wins face-off versus Erik Christensen in Capitals zone.
1:17 of 3rd period - Wrist shot by Erik Christensen.
1:17 of 3rd period - Goal by Erik Christensen - Canucks : 6 - Capitals : 2.
1:18 of 3rd period - Matt Stajan wins face-off versus Evgeni Malkin in neutral zone.
1:28 of 3rd period - Sergei Gonchar beats up Jaromir Jagr.
1:28 of 3rd period - Penalty to Sergei Gonchar for Fighting.
1:28 of 3rd period - Penalty to Jaromir Jagr for Fighting.
1:29 of 3rd period - Jiri Hudler wins face-off versus Evgeni Malkin in Capitals zone.
1:38 of 3rd period - Jiri Hudler is hit by Evgeni Malkin and loses puck.
1:59 of 3rd period - Snap shot by Derian Hatcher.
1:59 of 3rd period - Stopped by Ty Conklin with a rebound.
2:01 of 3rd period - Backhand shot by Mark Streit.
2:01 of 3rd period - Stopped by Ty Conklin without a rebound.
2:02 of 3rd period - Matt Stajan wins face-off versus Evgeni Malkin in Capitals zone.
2:09 of 3rd period - Clarke MacArthur is hit by Evgeni Malkin and loses puck.
2:18 of 3rd period - Slapshot by Patrick Kane.
2:18 of 3rd period - Shot Blocked by Clarke MacArthur.
2:28 of 3rd period - Mike Richards is hit by Scott Niedermayer and loses puck.
2:53 of 3rd period - Slapshot by Scott Niedermayer.
2:53 of 3rd period - Stopped by Ty Conklin with a rebound.
3:14 of 3rd period - Minor Penalty to Clarke MacArthur for Roughing.
3:15 of 3rd period - David Jones wins face-off versus Evgeni Malkin in Canucks zone.
3:32 of 3rd period - Darius Kasparaitis is hit by Craig Rivet and loses puck.
5:14 of 3rd period - Penalty to Clarke MacArthur is over, Clarke MacArthur is back on ice.
5:19 of 3rd period - Slapshot by Matt Stajan.
5:19 of 3rd period - Stopped by Ty Conklin without a rebound.
5:20 of 3rd period - Peter Regin wins face-off versus Matt Stajan in Capitals zone.
5:25 of 3rd period - Snap shot by Toni Lydman.
5:25 of 3rd period - Stopped by Carey Price with a rebound.
5:27 of 3rd period - Snap shot by Jason Blake.
5:27 of 3rd period - Stopped by Carey Price with a rebound.
5:29 of 3rd period - Slapshot by Brian Rafalski.
5:29 of 3rd period - Shot Blocked by Chris Campoli.
5:31 of 3rd period - Wrist shot by Peter Regin.
5:31 of 3rd period - Stopped by Carey Price with a rebound.
5:56 of 3rd period - Sheldon Keefe is hit by Keith Ballard and loses puck.
6:53 of 3rd period - Snap shot by Peter Regin.
6:53 of 3rd period - Stopped by Carey Price without a rebound.
6:54 of 3rd period - Evgeni Malkin wins face-off versus Jiri Hudler in Canucks zone.
6:55 of 3rd period - Snap shot by Patrick Kane.
6:55 of 3rd period - Stopped by Carey Price with a rebound.
6:57 of 3rd period - Snap shot by Patrick Kane.
6:57 of 3rd period - Stopped by Carey Price without a rebound.
6:58 of 3rd period - Evgeni Malkin wins face-off versus Jiri Hudler in Canucks zone.
7:07 of 3rd period - Snap shot by Patrick Kane.
7:07 of 3rd period - Shot Misses the Net.
7:09 of 3rd period - Slapshot by Brian Rafalski.
7:09 of 3rd period - Deflect By Jonas Hoglund.
7:09 of 3rd period - Stopped by Carey Price without a rebound.
7:10 of 3rd period - Jiri Hudler wins face-off versus Evgeni Malkin in Canucks zone.
7:10 of 3rd period - Jiri Hudler is hit by Patrick Kane.
7:36 of 3rd period - Jiri Hudler is hit by Brian Rolston and loses puck.
8:03 of 3rd period - François Beauchemin is hit by Keith Tkachuk and loses puck.
8:42 of 3rd period - David Jones is hit by Darius Kasparaitis and loses puck.
10:26 of 3rd period - Brian Rafalski is hit by Rickard Wallin and loses puck.
10:45 of 3rd period - Snap shot by Clarke MacArthur.
10:45 of 3rd period - Shot Misses the Net.
11:19 of 3rd period - Backhand shot by Keith Tkachuk.
11:19 of 3rd period - Stopped by Ty Conklin without a rebound.
11:20 of 3rd period - Erik Christensen wins face-off versus Mike Richards in Capitals zone.
11:26 of 3rd period - Snap shot by Erik Christensen.
11:26 of 3rd period - Stopped by Ty Conklin with a rebound.
11:28 of 3rd period - Snap shot by Erik Christensen.
11:28 of 3rd period - Stopped by Ty Conklin with a rebound.
11:30 of 3rd period - Slapshot by Chris Campoli.
11:30 of 3rd period - Stopped by Ty Conklin with a rebound.
11:32 of 3rd period - Slapshot by Craig Rivet.
11:32 of 3rd period - Stopped by Ty Conklin without a rebound.
11:33 of 3rd period - Evgeni Malkin wins face-off versus Matt Stajan in Capitals zone.
11:35 of 3rd period - Evgeni Malkin and Jaromir Jagr fight to a draw.
11:35 of 3rd period - Penalty to Evgeni Malkin for Fighting.
11:35 of 3rd period - Penalty to Jaromir Jagr for Fighting.
11:36 of 3rd period - Jason Blake wins face-off versus Matt Stajan in neutral zone.
11:52 of 3rd period - Minor Penalty to Sheldon Keefe for Hooking.
11:53 of 3rd period - Jason Blake wins face-off versus David Jones in Canucks zone.
12:18 of 3rd period - Sergei Gonchar is hit by Mark Streit.
12:23 of 3rd period - Off-side.
12:24 of 3rd period - Mike Richards wins face-off versus David Jones in neutral zone.
13:52 of 3rd period - Penalty to Sheldon Keefe is over, Sheldon Keefe is back on ice.
13:58 of 3rd period - Snap shot by Peter Regin.
13:58 of 3rd period - Stopped by Carey Price with a rebound.
14:37 of 3rd period - Derian Hatcher is hit by Patrick Kane and loses puck.
16:14 of 3rd period - Chris Campoli is hit by Brian Rolston and loses puck.
17:05 of 3rd period - David Jones is hit by Brian Rolston and loses puck.
17:18 of 3rd period - Mike Richards is hit by Jiri Hudler and loses puck.
18:38 of 3rd period - Off-side.
18:39 of 3rd period - Erik Christensen wins face-off versus Nicklas Backstrom in neutral zone.
18:45 of 3rd period - Icing by Sergei Gonchar.
18:46 of 3rd period - Erik Christensen wins face-off versus Nicklas Backstrom in Capitals zone.
18:47 of 3rd period - Wrist shot by David Jones.
18:47 of 3rd period - Shot Misses the Net.
18:54 of 3rd period - Off-side.
18:55 of 3rd period - Evgeni Malkin wins face-off versus Matt Stajan in neutral zone.
19:03 of 3rd period - Clarke MacArthur is hit by Sergei Gonchar and loses puck.
19:08 of 3rd period - Snap shot by Evgeni Malkin.
19:08 of 3rd period - Stopped by Carey Price without a rebound.
19:09 of 3rd period - Jiri Hudler wins face-off versus Evgeni Malkin in Canucks zone.
19:09 of 3rd period - Jiri Hudler is hit by Alex Tanguay.
19:12 of 3rd period - Jonas Hoglund is hit by Alex Tanguay.
19:25 of 3rd period - Sergei Gonchar and Jiri Hudler fight to a draw.
19:25 of 3rd period - Penalty to Sergei Gonchar for Fighting.
19:25 of 3rd period - Penalty to Jiri Hudler for Fighting.
19:25 of 3rd period - Penalty to Sergei Gonchar for instigated a fight.
19:25 of 3rd period - Penalty to Sergei Gonchar for instigated a fight.
19:26 of 3rd period - Evgeni Malkin wins face-off versus Matt Stajan in Canucks zone.


Output by the SimonT Hockey Simulator (STHS) for François Prévost -- Original Page W3C XHTML 1.0 Valid
Hockey Simulator - Hockey Simulation - Hockey Manager